 Dungeon Crawl Stone Soup version 0.28-a0-1560-g060a6a1bfc (webtiles) character file.

Game seed: 14174471881011300423

300 Nattfarinn the Cudgeller (level 6, -6/39 HPs)
             Began as a Gargoyle Gladiator on Jan 19, 2022.
             Was an Initiate of Okawaru.
             Killed from afar by Ijyb (14 damage)
             ... with a bolt of acid
             ... on level 5 of the Dungeon.
             The game lasted 00:04:41 (4932 turns).

Nattfarinn the Cudgeller (Gargoyle Gladiator)       Turns: 4932, Time: 00:04:41

Health: -6/39      AC:  4    Str: 19    XL:     6   Next: 36%
Magic:  6/6        EV: 12    Int:  9    God:    Okawaru [......]
Gold:   131        SH:  0    Dex: 11    Spells: 5/5 levels left

rFire   + . .      SeeInvis .   j - +0 dagger (venom)
rCold   . . .      Faith    .   (no shield)
rNeg    + . .      Spirit   .   b - +0 leather armour
rPois   ∞          Reflect  .   c - +0 helmet
rElec   +          Harm     .   (no cloak)
rCorr   .          Rampage  .   (no gloves)
Will    .....                   (no boots)
Stlth   +.........              (no amulet)
HPRegen 0.13/turn               h - ring of protection from fire
MPRegen 0.10/turn               (no ring)

@: corroded, flying
A: sickness immunity, AC +4, negative energy resistance 1, electricity
resistance, torment resistance 1, petrification resistance
a: Renounce Religion


You were on level 5 of the Dungeon.
You worshipped Okawaru.
Okawaru was noncommittal.
You visited 1 branch of the dungeon, and saw 5 of its levels.

You collected 131 gold pieces.

Inventory:

Hand Weapons
 a - a +0 flail
 j - a +0 dagger of venom (weapon)
Missiles
 d - 3 throwing nets (quivered)
Armour
 b - a +0 leather armour (worn)
 c - a +0 helmet (worn)
Jewellery
 h - a ring of protection from fire (left hand)
 t - a ring of fire
Scrolls
 e - 3 scrolls of teleportation
 f - a scroll of vulnerability {unknown}
 m - a scroll of holy word {unknown}
 o - 2 scrolls of fear
 q - a scroll of fog {unknown}
 s - a scroll of silence {unknown}
 v - a scroll of enchant armour {unknown}
 w - a scroll of identify
Potions
 g - a potion of heal wounds {unknown}
 i - a potion of lignification {unknown}
 k - a potion of flight
 l - a potion of attraction {unknown}
 n - a potion of cancellation {unknown}
 r - a potion of ambrosia {unknown}
 u - 2 potions of magic


   Skills:
 * Level 4.4 Fighting
 - Level 4.9 Maces & Flails
 - Level 1.9 Throwing
 + Level 1.2 Armour
 - Level 3.3 Dodging


You had 5 spell levels left.
You didn't know any spells.
Your spell library contained the following spells:

 Spells                   Type           Power      Damage    Failure   Level
 Foxfire                  Conj/Fire      0%         2x1d4     43%         1
 Gell's Gravitas          Tloc           0%         N/A       82%         3
 Lesser Beckoning         Tloc           0%         N/A       82%         3
 Teleport Other           Tloc           0%         N/A       82%         3
 Airstrike                Air            0%         N/A       99%         4
 Lightning Bolt           Conj/Air       0%         1d11      100%        5
 Dispersal                Tloc           0%         N/A       100%        6
 Summon Lightning Spire   Summ/Air       Unusable   N/A       N/A         4

Dungeon Overview and Level Annotations

Branches:
Dungeon (5/15)
 Temple: D:4-7

Altars:
Fedhas
Hepliaklqana
Okawaru
Vehumet
Wu Jian
Yredelemnul

Annotations:
D:3 1 runed translucent door, exclusion: oklob plant, Crazy Yiuf
D:5 Ijyb, Pikel


Innate Abilities, Weirdness & Mutations

You are immune to sickness and miasma.
Your stone body is resilient. (AC +4)
You are immune to poison.
You resist negative energy. (rN+)
You are resistant to electric shocks. (rElec)
You are resistant to unholy torment.
You are immune to petrification.


Message History

No target in view!
No target in view!
HP restored.
You see here 6 stones.
You now have 131 gold pieces (gained 8).
w - a scroll of identify Ijyb the Twisted Goblin comes into view.
She is wielding a +0 dagger and carrying a wand of acid (11).
Ijyb shouts!
You hear a shout! x2
Ijyb zaps a wand.
The bolt of acid hits you!
An adder comes into view.
There are monsters nearby!
There are monsters nearby!
The adder hisses angrily.
Ijyb screams, "No!
No, no, no, no!"
Ijyb zaps a wand.
The bolt of acid hits you!
* * * LOW HITPOINT WARNING * * *
The acid corrodes you!
An adder comes into view.
You are too injured to fight recklessly!
You feel better.
The adder hisses angrily.
A gnoll comes into view. It is wielding a +0 club.
A gnoll comes into view. It is wielding a +0 spear.
You aren't carrying any items that you can evoke.
You are too injured to fight recklessly!
You hit Ijyb but do no damage. Ijyb barely misses you.
You hit Ijyb but do no damage.
Ijyb is poisoned.
Ijyb hits you with a +0 dagger.
* * * LOW HITPOINT WARNING * * *
You closely miss Ijyb. The adder misses you. Ijyb hits you with a +0 dagger.
* * * LOW HITPOINT WARNING * * *
It was a potion of flight.
You feel very buoyant.
You fly up into the air.
The adder bites you but does no damage. Ijyb hits you with a +0 dagger.
* * * LOW HITPOINT WARNING * * *
The adder bites you.
* * * LOW HITPOINT WARNING * * *
You feel better.
Ijyb zaps a wand.
The bolt of acid hits you!
You die...

#..^............... #<.
.
##.....................
..
#.†......>......######
...###<............#
.....##.(...#......#
.......#.#.#######..#
..../....#.##### .
.......#.#S....#
.........@S.#
.......##.gg# .......
#.#.... .......
#...g.... .......
###.#.... ####### .
.... . ... ..


You could see Ijyb (very poisoned), 2 gnolls and 2 adders.

Vanquished Creatures
  2 scorpions
  A howler monkey (D:4)
  2 hound skeletons (D:4)
  Robin (D:3)
  4 adders
  3 dart slugs
  2 orcs (D:3)
  6 ball pythons
  2 bats
  8 endoplasms
  3 giant cockroaches
  4 hobgoblins
  6 jackals
  3 kobolds
  4 quokkas
  3 frilled lizards
  7 goblins (D:3)
  2 rats
63 creatures vanquished.

Vanquished Creatures (others)
  19 toadstools (D:3)
19 creatures vanquished.

Grand Total: 82 creatures vanquished

Notes
Turn   | Place    | Note
-------+----------+-------------------------------------------
     0 | D:1      | Nattfarinn the Gargoyle Gladiator began the quest for the
                  | Orb.
     0 | D:1      | Reached XP level 1. HP: 12/12 MP: 1/1
   586 | D:1      | Reached XP level 2. HP: 5/18 MP: 2/2
  1401 | D:2      | Found a faded altar of an unknown god.
  1409 | D:2      | Got Plato's Tome of Arcane Weapons
  2227 | D:3      | Reached XP level 3. HP: 22/22 MP: 3/3
  2738 | D:3      | Found a blossoming altar of Fedhas.
  2759 | D:3      | Noticed an oklob plant
  2982 | D:3      | Noticed Robin
  2992 | D:3      | Killed Robin
  2993 | D:3      | Reached XP level 4. HP: 6/28 MP: 4/4
  3398 | D:3      | Found a runed translucent door.
  3399 | D:3      | Noticed Crazy Yiuf
  3586 | D:4      | Noticed a scorpion
  3587 | D:4      | Reached XP level 5. HP: 22/32 MP: 5/5
  3871 | D:4      | Found a radiant altar of Vehumet.
  4305 | D:4      | Found a faded altar of an unknown god.
  4305 | D:4      | Found an ornate altar of the Wu Jian Council.
  4309 | D:4      | Identified the +10 hunting sling "Widowmaker" {vorpal,
                  | Dex+6}
  4312 | D:4      | Found a hazy altar of Hepliaklqana.
  4314 | D:4      | Found an iron altar of Okawaru.
  4316 | D:4      | Found a basalt altar of Yredelemnul.
  4320 | D:4      | Became a worshipper of Warmaster Okawaru
  4573 | D:5      | Entered Level 5 of the Dungeon
  4573 | D:5      | Noticed a lemure
  4573 | D:5      | Noticed a lemure
  4574 | D:5      | Noticed a lemure
  4574 | D:5      | Noticed Pikel
  4614 | D:5      | Reached skill level 1 in Armour
  4614 | D:5      | Reached XP level 6. HP: 31/38 MP: 6/6
  4924 | D:5      | Noticed Ijyb
  4932 | D:5      | Killed from afar by Ijyb

Illustrated notes

Levels and vault maps discovered:
D:1:      sevenhm_arrival_forest_fort_large_4, layout_rooms
D:2:      layout_basic, serial_bayou, serial_bayou_pond_a, serial_bayou_lake_a,
          serial_bayou_shore_b, serial_bayou_lagoon_b,
          shapermc_ecumenical_altar_rom_forum
D:3:      layout_basic, tgw_fedhas, corner_web_ring, uniq_robin,
          uniq_crazy_yiuf_cottage
D:4:      layout_rooms, fiery_altar_vehumet, chequers_temple_overflow_minitemple
D:5:      layout_rooms, serial_park_tiny_pond, st_stairs_1, uniq_ijyb,
          uniq_pikel

Skill      XL: |  1  2  3  4  5 |
---------------+----------------+-----
Fighting       | 3 4 |  4.4
Maces & Flails | 4 |  4.9
Dodging        | 3 |  3.3
Armour         | 1 |  1.2
Throwing       | |  1.9

Action                   |  1- 3 |  4- 6 || total
-------------------------+-------+-------++-------
Melee: Flail             |    22 |       ||    22
       Dagger            |    84 |   124 ||   208
       Punch             |     1 |     1 ||     2
  Use: Scroll            |       |     4 ||     4
       Potion            |       |     3 ||     3
Armor: Leather armour    |    33 |    79 ||   112
Dodge: Dodged            |    59 |   124 ||   183

Table legend: (Time is in decaauts)
 A = Elapsed time spent in this place.
 B = Non-inter-level travel time spent in this place.
 C = Inter-level travel time spent in this place.
 D = Time resting spent in this place.
 E = Time spent auto-exploring this place.
 F = Levels seen in this place.
 G = Mean time per level.
                   A        B        C        D        E       F      G
               +--------+--------+--------+--------+--------+-----+--------+
         Total |   4982 |   4805 |    177 |    983 |   3289 |   5 |  996.4 |
       Dungeon |   4982 |   4805 |    177 |    983 |   3289 |   5 |  996.4 |
               +--------+--------+--------+--------+--------+-----+--------+

Top non-repeatable levels by time:
     D:3: 1289 daAuts
     D:1: 1288 daAuts
     D:4: 1166 daAuts
     D:2: 1132 daAuts
     D:5: 105 daAuts
